 Dungeon Crawl Stone Soup version 0.31-a0-1447-g87ca8d402b (webtiles) character file.

Game seed: 10470581888496259239

300 bjtr the Sneak (level 6, 0/30 HPs)
             Began as a Vine Stalker Enchanter on Dec 27, 2023.
             Slain by a gnoll
             ... wielding a +0 halberd
             ... led by a gnoll bouda
              (10 damage)
             ... on level 5 of the Dungeon.
             The game lasted 00:14:30 (3525 turns).

bjtr the Sneak (Vine Stalker Enchanter)             Turns: 3525, Time: 00:14:30

Health: 0/30       AC:  4    Str: 11    XL:     6   Next: 36%
Magic:  0/10       EV: 12    Int: 17    God:
Gold:   281        SH:  0    Dex: 14    Spells: 0/9 levels left

rFire   . . .        a - +1 dagger (freeze)
rCold   . . .        (no shield)
rNeg    . . .        b - +0 robe
rPois   .            r - +1 helmet
rElec   .            (no cloak)
rCorr   .            (no gloves)
SInv    .            (no boots)
Will    .....        (no amulet)
Stlth   +++          (no ring)
HPRegen 1.05/turn    (no ring)
MPRegen 0.12/turn

%: guardian spirit
@: confusing by touch
A: fangs 2, regeneration 1, magic shield, antimagic bite, no potion heal 2
a: no special abilities


You were on level 5 of the Dungeon.
You visited 1 branch of the dungeon, and saw 5 of its levels.

You collected 281 gold pieces.

Inventory:

Hand Weapons
 a - a +1 dagger of freezing (weapon)
 o - a +3 falchion of flaming
Missiles
 f - 3 curare-tipped darts
 h - 3 poisoned darts
 i - 2 throwing nets
Armour
 b - a +0 robe (worn)
 d - a +0 leather armour
 r - a +1 helmet (worn)
Magical Staves
 g - a staff of air
Talismans
 k - the beast talisman of the Guardian {Fly}
   (You found it on level 2 of the Dungeon)

   [beast talisman]

   Fly:       It grants you flight.
Scrolls
 m - 2 scrolls of teleportation
 n - a scroll of fog
 p - a scroll of brand weapon
Potions
 c - 2 potions of invisibility
 e - 2 potions of enlightenment
 j - 2 potions of lignification
 l - 2 potions of haste
 q - a potion of attraction


   Skills:
 + Level 1.1 Fighting
 + Level 2.4 Short Blades
 + Level 2.2 Dodging
 + Level 6.1 Stealth
 + Level 2.4 Spellcasting
 + Level 4.0 Hexes
 * Level 0.7 Shapeshifting


You couldn't memorise any spells.
You knew the following spells:

 Your Spells              Type           Power      Damage    Failure   Level
a - Confusing Touch       Hex            15%        N/A       11%         3
b - Ensorcelled Hibernat  Hex/Ice        16%        N/A       12%         2
c - Magic Dart            Conj           8%         1d3       19%         1
d - Tukima's Dance        Hex            15%        N/A       11%         3

Your spell library contained the following spells:

 Spells                   Type           Power      Damage    Failure   Level
 Dazzling Flash           Conj/Hex       16%        N/A       24%         3
 Blink                    Tloc           4%         N/A       28%         2
 Call Imp                 Summ           4%         N/A       28%         2
 Fugue of the Fallen      Necr           2%         N/A       50%         3
 Ozocubu's Armour         Ice            2%         N/A       50%         3
 Manifold Assault         Tloc           2%         N/A       88%         4
 Metabolic Englaciation   Hex/Ice        4%         N/A       92%         5
 Sculpt Simulacrum        Ice/Alch       1%         N/A       100%        6


Dungeon Overview and Level Annotations

Branches:
Dungeon (5/15)
 Temple: D:4-7

Altars:

Shops:
D:1 [


Innate Abilities, Weirdness & Mutations

You have extremely sharp teeth.
Your natural rate of healing is unusually fast.
When hurt, damage is shared between your health and your magic reserves.
Your bite disrupts and absorbs the magic of your enemies.
Potions cannot restore your health.


Message History

You feel invigorated.
The gnoll bouda is moderately wounded.
You hit the gnoll bouda but do no damage.
The gnoll bouda is moderately wounded.
The gnoll misses you. The gnoll closely misses you.
The gnoll bouda barely misses you.
You hit the gnoll bouda but do no damage.
You bite the gnoll bouda, but do no damage.
The gnoll bouda is moderately wounded.
The gnoll hits you with a +0 club. The gnoll barely misses you.
The gnoll bouda hits you with a +0 whip.
You barely miss the gnoll bouda. You bite the gnoll bouda. You drain its power.
You feel invigorated.
The gnoll bouda is heavily wounded.
Your attacks no longer feel as feeble.
The gnoll barely misses you.
The gnoll hits you from afar with a +0 halberd!
The gnoll bouda closely misses you. The gnoll barely misses you.
Casting: Magic Dart (safe; 19% risk of failure)
Confirm with . or Enter, or press ? or * to list all spells.
Aiming: Tukima's Dance (quite dangerous; 11% risk of failure)
Press: ? - help, Shift-Dir - straight line, f - gnoll bouda
Aim: a gnoll bouda, wielding a +0 whip and wearing a +0 leather armour (heavily wounded, chance to affect: 49%)
The gnoll bouda resists with some effort.
Casting: Tukima's Dance (quite dangerous; 11% risk of failure)
Confirm with . or Enter, or press ? or * to list all spells.
Your hands begin to glow red.
The gnoll bouda barely misses you. The gnoll barely misses you.
You hit the gnoll bouda but do no damage.
Your bite misses the gnoll bouda.
The gnoll bouda is heavily wounded.
The gnoll bouda calls upon its god to heal the gnoll.
The gnoll's wounds heal themselves!
The gnoll hits you from afar with a +0 halberd!
You closely miss the gnoll bouda.
The gnoll bouda is heavily wounded.
The gnoll bouda hits you with a +0 whip.
The gnoll hits you from afar with a +0 halberd!
You die...

#.# #.# ####.##
.....## . .....
..#### ...
......###.# #
.......#)###.#
#..##....gg@..#
#......<.g#####
##......#.#
########g# #.#
#g# #g# ... ..#


You could see a gnoll bouda and 2 gnolls.

Vanquished Creatures
  An ogre (D:4)
  A hound (D:4)
  6 gnolls
  3 adders
  A worm (D:4)
  5 dart slugs
  5 orcs
  3 bats
  10 endoplasms
  4 giant cockroaches
  8 goblins
  9 hobgoblins
  3 quokkas
  6 ball pythons
  7 frilled lizards
  7 kobolds
  3 rats
82 creatures vanquished.

Notes
Turn   | Place    | Note
-------+----------+-------------------------------------------
     0 | D:1      | bjtr the Vine Stalker Enchanter began the quest for the
                  | Orb.
     0 | D:1      | Reached XP level 1. HP: 9/9 MP: 4/4
    96 | D:1      | Reached skill level 1 in Short Blades
   103 | D:1      | Reached XP level 2. HP: 13/13 MP: 6/6
   107 | D:1      | Reached skill level 4 in Stealth
   215 | D:1      | Reached XP level 3. HP: 15/16 MP: 7/7
   554 | D:1      | Found Batocsih's Antique Armour Shoppe.
   746 | D:2      | Identified the beast talisman of the Guardian {Fly}
   931 | D:2      | Learned a level 3 spell: Confusing Touch
   934 | D:2      | Learned a level 2 spell: Ensorcelled Hibernation
   983 | D:2      | You fall into a shaft and drop 2 floors!
   997 | D:4      | Learned a level 1 spell: Magic Dart
  1026 | D:4      | Reached XP level 4. HP: 21/21 MP: 6/8
  1169 | D:4      | Reached XP level 5. HP: 17/25 MP: 5/9
  1367 | D:4      | Noticed an ogre
  1432 | D:3      | Reached skill level 5 in Stealth
  2819 | D:4      | Killed an ogre
  2820 | D:4      | Reached skill level 1 in Fighting
  2820 | D:4      | Reached skill level 6 in Stealth
  2820 | D:4      | Reached XP level 6. HP: 13/30 MP: 4/10
  2874 | D:4      | Learned a level 3 spell: Tukima's Dance
  3499 | D:5      | Entered Level 5 of the Dungeon
  3525 | D:5      | Slain by a gnoll

Illustrated notes

Levels and vault maps discovered:
D:1:      nagdon_arrival_double_spiral, layout_rooms, serial_shops,
          nicolae_shop_hallway_plus, minmay_indecisive_spiral
D:2:      layout_loops_ring, chequers_serial_rivers_small_a
D:3:      layout_rooms, minmay_quadrilaterals
D:4:      layout_layer_cave
D:5:      layout_loops_corners, makhleb_blood_cavern_becter, marbit_many_paths,
          kennysheep_mini, eat_drink_and_be_merry_uskayaw,
          minmay_temple_entry_drinking_statues,
          mainiacjoe_sewer_entry_somewhere_in_here_1, minmay_small_thing

Skill      XL: |  1  2  3  4  5 |
---------------+----------------+-----
Short Blades   | 1 2 |  2.4
Stealth        | 4 6 |  6.1
Dodging        | 2 |  2.2
Hexes          | 4 |  4.0
Fighting       | 1 |  1.1
Spellcasting   | |  2.4
Shapeshifting  | |  0.7

Action                     |  1- 3 |  4- 6 || total
---------------------------+-------+-------++-------
  Melee: Dagger            |   115 |   126 ||   241
         Bite              |    35 |    39 ||    74
         Punch             |       |     1 ||     1
   Cast: Magic Dart        |       |     3 ||     3
         Ensorcelled Hiber |       |     2 ||     2
         Confusing Touch   |       |     2 ||     2
         Tukima's Dance    |       |     1 ||     1
    Use: Scroll            |     5 |     7 ||    12
         Potion            |       |     1 ||     1
   Stab: Sleeping          |     2 |    15 ||    17
         Invisible         |       |     3 ||     3
 Armour: Robe              |    67 |    69 ||   136
  Dodge: Dodged            |    97 |    77 ||   174

Table legend: (Time is in decaauts)
 A = Elapsed time spent in this place.
 B = Non-inter-level travel time spent in this place.
 C = Inter-level travel time spent in this place.
 D = Time resting spent in this place.
 E = Time spent auto-exploring this place.
 F = Levels seen in this place.
 G = Mean time per level.
                   A        B        C        D        E       F      G
               +--------+--------+--------+--------+--------+-----+--------+
         Total |   3576 |   3425 |    151 |    175 |   2448 |   5 |  715.2 |
       Dungeon |   3576 |   3425 |    151 |    175 |   2448 |   5 |  715.2 |
               +--------+--------+--------+--------+--------+-----+--------+

Top non-repeatable levels by time:
     D:4: 1375 daAuts
     D:1: 792 daAuts
     D:2: 695 daAuts
     D:3: 688 daAuts
     D:5: 24 daAuts
